Map: Abandoned Camp

Players

Montegi

  • Race: Terran Terran
  • Spawn Location: 5:00

RAPTOREAM

  • Race: Zerg Zerg
  • Spawn Location: 3:00

marbratiger

  • Race: Terran Terran
  • Spawn Location: 3:00

Metasapien - Winner!

  • Race: Zerg Zerg
  • League: Gold
  • Spawn Location: 9:00

Namtro - Winner!

  • Race: Terran Terran
  • Spawn Location: 11:00

AnalGezik - Winner!

  • Race: Protoss Protoss
  • Spawn Location: 7:00

VOD

Have the link to the VOD?

Description

Time

  • Played on: Sept. 2, 2017, 5:43 p.m.
  • Length: 20:51
Show
View Real Time Build Order
Export as new Build Order

Montegi Terran 

Build Orders:  

Get SALT Encoding   

  12  0:14  SCV  
  13  0:26  SCV  
  14  0:28  Supply Depot  
  14  0:38  SCV  
  15  0:49  Supply Depot  
  15  0:50  SCV  
  15  0:54  Barracks  
  16  1:02  SCV  
  17  1:14  SCV  
  18  1:27  SCV, Barracks  
  19  1:36  Barracks  
  19  1:39  SCV  
  20  1:45  Supply Depot  
  20  1:51  SCV  
  21  1:55  Marine  
  22  2:03  SCV  
  23  2:11  Engineering Bay  
  23  2:13  Marine  
  23  2:14  Marine  
  23  2:15  SCV  
  26  2:27  SCV  
  27  2:31  Marine, Refinery  
  27  2:32  Marine  
  27  2:34  Refinery  
  27  2:36  Marine  
  30  2:39  SCV  
  31  2:49  Marine  
  31  2:50  Marine  
  33  2:51  SCV  
  33  2:54  Marine  
  35  3:01  Missile Turret  
  35  3:03  SCV  
  35  3:05  Missile Turret  
  36  3:12  Marine x3  
  39  3:17  Supply Depot  
  39  3:30  Factory  
  39  3:38  SCV  
  40  3:47  Marine x3  
  43  3:51  SCV  
  43  3:52  Terran Infantry Weapons Level 1  
  44  4:05  Marine x3  
  46  4:48  Marine  
  46  4:50  Orbital Command  
  47  4:58  Supply Depot  
  47  5:19  Marine x3, Widow Mine  
  52  5:21  Supply Depot  
  52  5:27  Factory  
  52  5:37  Marine x3  
  55  5:47  Terran Infantry Armor Level 1  
  55  5:48  Widow Mine  
  57  5:55  Marine x3  
  49  6:14  Barracks Tech Lab, Command Center  
  49  6:15  Barracks Tech Lab  
  49  6:16  Widow Mine  
  51  6:19  Factory Tech Lab  
  51  6:20  Barracks Tech Lab  
  51  6:23  Armory  
  51  6:36  Concussive Shells  
  51  6:42  Siege Tank  
  51  6:45  Widow Mine  
  56  7:10  Marauder x3  
  56  7:13  Widow Mine  
  56  7:14  Siege Tank  
  56  7:15  Combat Shields  
  67  7:31  Marauder x3  
  73  7:43  SCV  
  73  7:44  Missile Turret  
  74  7:48  Factory Tech Lab  
  74  7:49  Terran Vehicle Weapons Level 1  
  74  7:55  SCV  
  75  8:07  Missile Turret, SCV  
  76  8:14  Missile Turret  
  76  8:19  SCV  
  77  8:22  Missile Turret  
  77  8:29  Marauder x2  
  77  8:31  SCV  
  82  8:43  SCV  
  83  8:51  Sensor Tower  
  83  8:55  SCV  
  84  9:07  SCV  
  85  9:19  SCV  
  86  9:28  Cyclone x2  
  86  9:31  Missile Turret, SCV  
  93  9:43  Terran Vehicle And Ship Armor Level 1  
  93  9:44  SCV  
  94  9:49  Missile Turret  
  94  9:54  Building Armor  
  94  9:56  SCV  
  95  10:00  Cyclone x2, Marauder  
  95  10:01  Marauder  
  95  10:05  Marauder  
  107  10:08  SCV  
  107  10:11  Refinery  
  107  10:12  Refinery  
  108  10:20  SCV  
  109  10:36  Thor  
  105  11:05  Marine x3  
  99  11:23  Marine x3  
  92  11:41  Marine x3  
  95  11:56  Thor x2  
  95  11:59  Marine x3  
  95  12:00  Terran Infantry Weapons Level 2  
  102  12:16  Marine  
  102  12:17  Marine x2  
  98  12:34  Marine x3  
  90  12:46  Cyclone x2  
  95  12:52  Marine x3  
  98  13:10  Marine x3  
  101  13:18  Cyclone  
  104  13:28  Marine x3  
  107  13:45  Marine  
  107  13:46  Marine x2  
  110  14:03  Marine x2  
  110  14:04  Marauder  
  114  14:17  Terran Infantry Armor Level 2  
  114  14:22  Marauder x2  
  118  14:25  Marauder  
  120  14:34  Cyclone x2  
  126  14:44  Marine x2  
  125  14:47  Marauder  
  102  15:02  Marine  
  102  15:03  Marauder  
  86  15:08  Marine, Cyclone x2  
  93  15:20  Marine  
  93  15:21  Terran Vehicle Weapons Level 2  
  94  15:23  Marine  
  94  15:25  Marine  
  96  15:38  Marine  
  96  15:40  Cyclone  
  96  15:41  Marine  
  101  15:43  Marine  
  102  15:56  Marine  
  103  15:59  Marine  
  103  16:01  Marine  
  92  16:13  Marine  
  92  16:17  Marine  
  94  16:23  Marine  
  92  16:26  Cyclone  
  92  16:27  Cyclone  
  92  16:31  Marine  
  99  16:35  Marine  
  94  16:41  Marine  
  84  16:49  Marine  
  84  16:52  Marine  
  76  16:58  Marine  
  76  16:59  Cyclone x2  
  83  17:07  Marine  
  84  17:09  Missile Turret  
  84  17:10  Marine  
  84  17:13  Missile Turret  
  85  17:16  Marine  
  85  17:18  Missile Turret  
  86  17:25  Marine  
  83  17:28  Marine  
  84  17:34  Marine  
  82  17:43  Marine  
  80  17:46  Marine  
  81  17:52  Marine  
  82  18:00  Marine  
  82  18:04  Marine  
Show
View Real Time Build Order
Export as new Build Order

RAPTOREAM Zerg 

Build Orders: Pool First 

Get SALT Encoding   

  12  0:02  Drone  
  13  0:10  Drone  
  14  0:18  Overlord  
  14  0:37  Spawning Pool  
  14  0:40  Drone  
  14  0:44  Drone  
  14  0:48  Drone  
  16  0:53  Drone  
  17  1:05  Extractor  
  17  1:07  Drone  
  17  1:14  Drone  
  18  1:23  Queen  
  20  1:29  Roach Warren  
  20  1:30  Drone  
  20  1:36  Drone  
  21  1:50  Drone  
  22  1:57  Extractor  
  21  2:04  Drone  
  21  2:07  Overlord  
  22  2:24  Overlord  
  22  2:31  Drone  
  22  2:34  Drone  
  22  2:35  Roach x2  
  28  2:43  Roach  
  30  3:01  Hatchery, Roach  
  31  3:05  Roach  
  31  3:06  Roach x2  
  37  3:14  Lair  
  37  3:22  Drone  
  38  3:37  Overlord x2  
  38  3:56  Roach  
  38  3:57  Roach x2  
  38  4:28  Roach x4  
  38  4:30  Queen  
  48  4:31  Drone x2  
  50  4:57  Hydralisk Den  
  50  4:58  Drone  
  50  5:00  Drone x3  
  39  5:43  Hydralisk x7  
  39  5:46  Muscular Augments  
  39  5:48  Drone x3  
  56  5:58  Evolution Chamber  
  55  6:08  Drone  
  56  6:15  Roach x2  
  56  6:17  Overlord x3  
  60  6:22  Overlord  
  60  6:25  Zerg Missile Weapons Level 1  
  60  6:32  Overlord x2  
  60  6:41  Overseer  
  60  6:46  Hydralisk x3  
  60  7:26  Overseer  
  44  7:38  Drone x6  
  44  7:41  Hydralisk x4  
  44  7:42  Hydralisk x2  
  62  8:01  Glial Reconstitution  
  62  8:19  Zerg Ground Armor Level 1  
  62  8:22  Drone x5  
  67  8:27  Hatchery  
  67  8:32  Extractor  
  65  8:35  Extractor  
  65  8:39  Hydralisk  
  65  8:40  Hydralisk x2  
  70  8:49  Spore Crawler  
  70  8:50  Spore Crawler  
  68  9:01  Drone x4  
  72  9:07  Hydralisk x4  
  80  9:31  Drone  
  80  9:32  Hydralisk x2  
  80  9:35  Hydralisk  
  80  9:36  Hydralisk x2  
  91  9:44  Hydralisk  
  93  9:46  Queen  
  93  9:48  Drone  
  96  9:53  Hydralisk x4  
  104  10:06  Drone x2  
  106  10:17  Zerg Missile Weapons Level 2  
  106  10:26  Extractor  
  105  10:29  Extractor  
  105  10:30  Drone x2  
  105  10:35  Hydralisk x3  
  106  10:36  Hydralisk  
  106  10:38  Overlord x2  
  106  10:39  Overlord x2  
  82  11:38  Hydralisk x4  
  82  11:39  Hydralisk x3  
  92  11:42  Hydralisk x7  
  92  11:43  Hydralisk x3  
  96  12:00  Drone  
  96  12:01  Drone x5  
  60  12:53  Hydralisk  
  60  12:54  Hydralisk x4  
  70  12:59  Drone x6  
  76  13:18  Hatchery  
  76  13:19  Hydralisk x2  
  79  13:23  Hydralisk x2  
  79  13:25  Zerg Ground Armor Level 2  
  83  13:33  Hydralisk x2  
  83  13:34  Hydralisk  
  85  13:39  Hydralisk x2  
  85  13:40  Hydralisk x3  
  99  13:44  Overlord x3  
  99  13:52  Hydralisk x2  
  103  14:08  Overseer x2  
  103  14:09  Overseer  
  103  14:10  Hydralisk  
  103  14:11  Hydralisk x2  
  103  14:14  Hydralisk x4  
  117  14:17  Hydralisk x3  
  117  14:18  Hydralisk x3  
  129  14:34  Queen  
  95  15:10  Hydralisk x5  
  103  15:15  Hydralisk x6  
  103  15:16  Hydralisk  
  103  15:19  Hydralisk x3  
  123  15:47  Hydralisk x4  
  95  16:30  Hydralisk  
  95  16:31  Hydralisk x5  
  107  16:40  Hydralisk x6  
  107  16:44  Hydralisk x3  
  91  17:25  Hydralisk x5  
  87  17:31  Hydralisk  
  87  17:32  Hydralisk x4  
  97  17:37  Hydralisk x4  
  97  17:38  Hydralisk x2  
  83  18:14  Hydralisk x2  
  83  18:15  Hydralisk x4  
  83  18:19  Hydralisk  
  79  18:20  Hydralisk x4  
  85  18:44  Hydralisk x5  
  95  18:52  Hydralisk x2  
  95  18:53  Hydralisk x4  
  107  18:56  Hydralisk  
  109  19:16  Hydralisk x2  
  112  19:26  Hydralisk x3  
Show
View Real Time Build Order
Export as new Build Order

marbratiger Terran 

Build Orders:  

Get SALT Encoding   

  12  0:27  Supply Depot  
  12  0:44  SCV  
  12  0:47  Supply Depot  
  13  0:57  Barracks  
  13  1:01  SCV  
  14  1:18  Barracks  
  14  1:20  SCV  
  15  1:32  SCV  
  16  1:43  Refinery  
  16  1:44  SCV  
  17  1:48  Barracks  
  17  1:51  Marine  
  18  1:56  SCV  
  19  2:11  Marine  
  19  2:15  Marine  
  20  2:20  SCV  
  20  2:21  Supply Depot  
  22  2:26  Refinery  
  22  2:32  SCV  
  23  2:45  SCV  
  23  2:48  Marine x2  
  27  2:55  Barracks Tech Lab  
  27  2:57  SCV  
  27  3:07  Marine  
  27  3:08  Factory  
  27  3:09  SCV  
  30  3:18  Marine  
  30  3:44  Command Center  
  30  3:45  Marine  
  32  3:50  Marine, Barracks Reactor  
  32  4:00  Factory Reactor  
  32  4:01  Starport, SCV  
  33  4:09  Marine  
  34  4:14  SCV  
  35  4:26  SCV  
  35  4:30  Marine x3  
  39  4:35  Supply Depot  
  39  4:41  Starport Reactor  
  39  4:45  Supply Depot  
  39  5:00  Widow Mine  
  39  5:01  Widow Mine  
  39  5:02  SCV  
  44  5:08  Refinery  
  44  5:14  SCV  
  44  5:21  Viking, Medivac  
  47  5:26  SCV  
  50  5:29  SCV  
  51  5:39  SCV  
  51  5:40  Barracks Reactor  
  51  5:41  SCV  
  53  5:51  Widow Mine x2  
  53  5:54  Viking  
  53  5:55  Medivac  
  61  6:01  Orbital Command  
  61  6:10  Stimpack  
  61  6:18  Marine x4  
  61  6:19  Marine  
  66  6:27  Widow Mine  
  66  6:28  Widow Mine  
  70  6:34  Factory  
  70  6:43  Supply Depot  
  70  6:48  Orbital Command  
  70  7:05  SCV, Medivac  
  73  7:17  SCV  
  74  7:38  Factory Tech Lab  
  74  7:41  SCV  
  74  7:42  Armory, SCV  
  76  7:44  Marine, Refinery  
  76  7:45  Marine  
  78  7:57  Supply Depot  
  78  7:58  Marine x2, Viking, Medivac, SCV x2  
  86  8:02  Marine, Widow Mine x3  
  93  8:10  SCV  
  94  8:15  Supply Depot  
  94  8:19  SCV  
  95  8:23  Marine x2  
  95  8:24  Marine x3  
  100  9:03  Drilling Claws  
  100  9:04  Widow Mine x3  
  100  9:07  Supply Depot  
  106  9:10  Supply Depot  
  106  9:16  Terran Vehicle Weapons Level 1  
  106  9:18  Marine x4  
  110  9:29  Marine, Viking, Medivac  
  110  9:30  Supply Depot  
  115  9:31  Supply Depot  
  115  9:36  Widow Mine x3  
  121  9:52  Marine x4  
  125  9:53  Marine  
  125  9:58  Engineering Bay x2  
  125  9:59  Supply Depot  
  126  10:02  Viking, Medivac, Supply Depot  
  130  10:07  Widow Mine x3  
  136  10:18  Marine x3  
  136  10:19  Marine x2  
  141  10:23  Supply Depot  
  141  10:25  Supply Depot  
  62  12:07  Widow Mine x2  
  62  12:08  Widow Mine  
  54  12:27  Factory  
  54  12:29  Factory  
  54  12:30  Factory  
  54  12:32  Factory  
  54  12:50  Widow Mine x2  
  54  13:11  Factory Reactor  
  54  13:12  Command Center  
  52  13:14  SCV  
  52  13:19  Widow Mine x2  
  57  13:26  SCV  
  58  13:38  SCV  
  58  13:39  Factory Reactor  
  58  13:40  Widow Mine x2  
  58  13:41  Widow Mine x3  
  63  13:42  Barracks Reactor  
  63  13:44  Barracks Reactor  
  63  13:47  Widow Mine x2  
  73  13:49  Widow Mine x2  
  73  13:50  SCV  
  74  14:09  Widow Mine x5  
  78  14:15  Widow Mine  
  78  14:16  Widow Mine x2  
  90  14:27  Widow Mine x3  
  90  14:29  Orbital Command  
  96  14:37  Missile Turret, Terran Vehicle Weapons Level 2, Widow Mine  
  98  14:44  Factory  
  98  14:46  Widow Mine x4  
  98  14:47  Widow Mine x2  
  98  14:48  Factory  
  110  14:57  Siege Tank  
  113  15:06  Missile Turret  
  113  15:12  Widow Mine x3  
  113  15:13  Widow Mine  
  113  15:29  Siege Tank  
  109  15:38  Widow Mine x4  
  73  15:48  Widow Mine x8  
  71  16:06  Widow Mine  
  67  16:24  Widow Mine  
  67  16:25  Widow Mine x4  
  56  16:35  SCV  
  53  16:47  SCV, Cyclone x2  
  69  16:59  SCV  
  59  17:06  Cyclone  
  64  17:11  SCV  
  64  17:13  Cyclone  
  57  17:19  Cyclone  
  50  17:23  SCV, Cyclone  
  48  17:35  SCV  
  49  17:38  Cyclone  
  50  17:47  SCV  
  39  17:59  SCV  
  27  18:11  SCV  
Show
View Real Time Build Order
Export as new Build Order

Metasapien Zerg - Winner!

Build Orders: Pool First 

Get SALT Encoding   

  12  0:01  Drone  
  13  0:13  Overlord  
  13  0:20  Drone  
  14  0:31  Drone  
  14  0:32  Drone  
  16  0:36  Drone  
  17  0:52  Spawning Pool  
  17  0:53  Extractor  
  17  0:54  Drone  
  17  0:56  Drone  
  17  1:20  Hatchery  
  17  1:21  Drone  
  17  1:25  Drone  
  18  1:39  Drone  
  19  1:41  Queen, Zergling x2  
  22  1:50  Extractor, Overlord  
  21  2:06  Drone  
  22  2:15  Drone  
  23  2:39  Hatchery  
  23  2:40  Queen, Drone  
  24  2:53  Metabolic Boost  
  24  2:54  Drone  
  24  2:55  Drone  
  24  2:56  Drone x2  
  24  2:57  Drone  
  29  3:00  Drone  
  30  3:07  Drone  
  30  3:09  Drone  
  32  3:18  Extractor  
  31  3:24  Lair  
  31  3:32  Roach Warren  
  30  3:34  Overlord  
  30  3:45  Drone x3  
  33  3:53  Drone x3  
  36  3:56  Extractor  
  36  3:58  Drone  
  36  4:00  Drone  
  36  4:01  Drone  
  38  4:03  Drone  
  39  4:15  Roach  
  39  4:16  Roach x2  
  45  4:18  Roach  
  45  4:21  Roach  
  49  4:28  Overlord  
  49  4:30  Zergling x2  
  50  4:35  Spine Crawler  
  49  4:39  Spine Crawler  
  48  4:59  Overlord  
  48  5:01  Overlord x2, Roach x2  
  47  5:19  Roach x7  
  57  5:34  Queen, Drone x2  
  59  5:36  Overlord  
  59  5:37  Overlord  
  59  5:43  Hydralisk Den  
  59  5:47  Drone x2  
  60  6:02  Overlord x2  
  60  6:05  Overseer  
  60  6:09  Spore Crawler  
  60  6:10  Pneumatized Carapace  
  59  6:15  Drone  
  59  6:16  Drone x5  
  65  6:19  Drone  
  65  6:20  Drone  
  67  6:31  Drone  
  68  6:36  Spire  
  67  6:47  Extractor  
  67  6:48  Drone x4  
  67  6:49  Drone  
  67  6:50  Extractor, Drone x2  
  67  6:51  Drone  
  67  6:52  Drone x2  
  75  7:01  Hydralisk  
  75  7:02  Hydralisk x2  
  81  7:11  Overlord x3  
  81  7:18  Overlord  
  65  7:31  Hydralisk x2  
  65  7:32  Hydralisk x3  
  65  7:33  Roach x2  
  65  7:34  Roach  
  81  7:38  Spine Crawler  
  80  7:49  Drone x3  
  83  7:52  Drone x2  
  83  7:55  Hydralisk x2  
  83  7:56  Roach x2  
  93  8:01  Glial Reconstitution  
  93  8:06  Zerg Flyer Weapons Level 1  
  93  8:11  Evolution Chamber  
  92  8:14  Evolution Chamber  
  91  8:23  Drone x2  
  91  8:24  Drone x2  
  91  8:25  Drone  
  96  8:40  Zerg Missile Weapons Level 1  
  96  8:41  Zerg Ground Armor Level 1  
  96  8:46  Overlord x4  
  96  8:52  Mutalisk x3  
  96  8:53  Mutalisk x2  
  106  9:03  Hatchery  
  105  9:20  Corruptor  
  105  9:21  Mutalisk x2, Corruptor x3  
  105  9:22  Mutalisk x2  
  105  9:23  Mutalisk  
  121  9:34  Corruptor x2  
  121  9:35  Mutalisk  
  121  9:37  Overlord  
  127  9:40  Overlord  
  127  9:51  Hydralisk x2  
  131  10:01  Corruptor x3  
  131  10:02  Corruptor  
  131  10:04  Mutalisk  
  137  10:16  Zerg Flyer Armor Level 1  
  137  10:17  Tunneling Claws  
  137  10:19  Burrow  
  137  10:21  Roach x2  
  137  10:22  Roach  
  137  10:27  Drone x2  
  141  10:31  Drone x5  
  141  10:33  Drone  
  141  10:34  Drone  
  141  10:35  Drone  
  149  10:37  Drone  
  100  11:07  Hydralisk x3  
  100  11:08  Hydralisk x3  
  100  11:09  Hydralisk, Roach x2  
  99  11:26  Roach x3  
  99  11:27  Roach  
  107  11:51  Infestation Pit, Zerg Missile Weapons Level 2, Zerg Ground Armor Level 2  
  106  11:55  Ravager x2  
  108  12:11  Overlord  
  108  12:12  Drone x2  
  110  12:24  Zerg Flyer Armor Level 2  
  110  12:33  Hatchery  
  110  12:36  Corruptor x2  
  111  12:37  Hydralisk x3  
  111  12:38  Hydralisk x2, Roach  
  125  12:48  Overseer  
  125  12:50  Overseer  
  125  12:53  Overseer  
  125  12:57  Overseer  
  125  13:13  Hive  
  125  13:18  Queen  
  127  13:22  Overlord  
  127  13:23  Overlord x3, Hydralisk  
  127  13:24  Hydralisk x2, Swarm Host  
  127  13:25  Hydralisk, Roach  
  140  13:39  Drone x3  
  140  13:40  Drone  
  144  13:46  Hatchery  
  143  13:52  Overlord x2  
  143  13:53  Hydralisk  
  143  13:54  Hydralisk  
  143  13:55  Roach x2  
  151  13:57  Queen  
  153  14:11  Drone x2  
  153  14:12  Drone x4  
  153  14:13  Drone x3  
  162  14:25  Extractor  
  162  14:26  Extractor  
  162  14:27  Zerg Missile Weapons Level 3, Zerg Ground Armor Level 3  
  160  14:34  Spire  
  101  15:00  Hydralisk x2  
  101  15:01  Hydralisk x4, Roach x3  
  101  15:02  Roach x5, Hydralisk x4  
  101  15:03  Roach x2  
  135  15:13  Overseer  
  135  15:18  Queen x2  
  135  15:20  Queen  
  141  15:23  Greater Spire  
  141  15:26  Spire  
  140  15:30  Drone x2  
  142  15:50  Ravager x3, Extractor  
  142  15:51  Ravager  
  142  15:52  Spore Crawler  
  142  15:54  Ravager  
  142  15:55  Hydralisk x2  
  142  15:56  Hydralisk, Roach x2  
  157  15:57  Roach  
  135  16:07  Hydralisk  
  135  16:08  Hydralisk, Roach x2  
  135  16:09  Roach  
  135  16:10  Roach  
  124  16:12  Roach  
  124  16:13  Zergling x10  
  124  16:14  Zergling x6  
  126  16:37  Corruptor  
  126  16:38  Corruptor x2  
  132  16:40  Zergling x8  
  132  16:41  Zergling x8  
  140  16:54  Adrenal Glands  
  140  17:08  Hydralisk x2  
  140  17:12  Roach x5  
  115  17:23  Brood Lord x2  
  115  17:24  Brood Lord  
  115  17:25  Hatchery, Roach x5  
  118  17:33  Extractor  
  118  17:35  Brood Lord  
  119  17:38  Extractor  
  119  17:39  Zergling x18  
  119  17:40  Zergling x8  
  118  18:11  Brood Lord x3  
  123  18:13  Zergling x10  
  123  18:14  Zergling x8  
  132  18:21  Zerg Melee Weapons Level 1  
  110  18:53  Corruptor x4  
  118  18:57  Zergling x14  
  118  18:58  Zergling x2  
  117  19:14  Zergling x2  
  117  19:15  Zergling x20  
  117  19:16  Zergling x2  
  128  19:39  Hydralisk x3  
  128  19:40  Hydralisk x2  
  128  19:41  Roach x4  
  146  20:08  Overlord x3  
  146  20:09  Overlord  
  146  20:12  Zergling x8  
  150  20:18  Zergling x2  
  150  20:19  Zergling x12  
  157  20:44  Ravager  
  157  20:45  Ravager x3  
Show
View Real Time Build Order
Export as new Build Order

Namtro Terran - Winner!

Build Orders:  

Get SALT Encoding   

  12  0:04  SCV  
  13  0:29  SCV  
  13  0:32  Supply Depot  
  14  0:40  Supply Depot  
  14  0:41  SCV  
  15  0:44  Refinery  
  15  0:47  Refinery  
  15  0:54  SCV  
  16  1:07  Barracks  
  16  1:14  Supply Depot  
  16  1:18  SCV  
  17  1:30  SCV  
  18  1:42  SCV  
  19  1:57  Factory  
  19  2:08  SCV, Factory  
  19  2:13  Marine  
  21  2:21  SCV  
  22  2:30  Marine  
  23  2:52  Command Center  
  23  3:00  SCV  
  24  3:08  Armory  
  24  3:13  SCV  
  24  3:17  Factory Tech Lab  
  25  3:21  Factory Tech Lab  
  25  3:29  Supply Depot  
  25  3:33  SCV  
  26  3:45  SCV  
  27  3:58  Thor  
  33  4:20  Thor  
  33  4:23  SCV  
  40  4:24  SCV  
  41  4:44  Marine  
  42  4:45  Thor  
  48  5:02  Marine  
  48  5:04  Thor  
  55  5:22  Refinery x2  
  55  5:35  Orbital Command x2  
  55  5:41  Supply Depot  
  55  5:45  Supply Depot  
  55  5:54  Thor  
  60  6:12  Thor  
  66  6:37  Thor  
  66  6:38  SCV  
  66  6:39  SCV  
  74  6:50  SCV  
  74  6:51  SCV  
  76  7:12  Supply Depot  
  76  7:14  Supply Depot  
  74  7:33  Thor  
  74  7:36  Thor  
  86  7:51  Factory  
  86  7:54  SCV x2  
  88  8:03  Supply Depot  
  88  8:04  Supply Depot, Terran Vehicle Weapons Level 1  
  88  8:06  SCV x2  
  90  8:15  Factory  
  90  8:25  Thor  
  96  8:45  Factory Tech Lab  
  96  8:47  Thor  
  102  9:00  SCV x2  
  104  9:05  Command Center  
  104  9:06  Refinery  
  104  9:07  Refinery  
  104  9:12  SCV x2  
  104  9:13  Factory Tech Lab  
  106  9:27  Supply Depot  
  106  9:28  Supply Depot  
  106  9:30  Supply Depot  
  106  9:33  Supply Depot  
  106  9:43  Engineering Bay  
  106  9:51  SCV x2  
  108  10:03  SCV x2  
  110  10:12  Thor  
  116  10:15  SCV x2  
  118  10:29  Orbital Command  
  118  10:36  Thor  
  124  10:49  Missile Turret  
  124  10:51  Missile Turret  
  124  10:53  Missile Turret x2  
  124  10:58  Missile Turret  
  122  11:17  Thor x2  
  109  11:51  Command Center  
  109  11:54  Thor  
  109  12:11  Thor x3  
  127  12:22  SCV x2  
  129  12:25  Engineering Bay  
  111  12:34  SCV x2  
  64  12:56  Thor  
  70  13:28  SCV x2  
  72  13:34  Orbital Command  
  72  13:48  SCV x2  
  74  14:00  SCV x2  
  76  14:07  Thor, Missile Turret  
  82  14:10  Missile Turret  
  82  14:12  SCV x2  
  84  14:27  Thor  
  84  14:30  Missile Turret  
  90  14:32  Thor  
  90  14:35  SCV x2  
  98  14:48  Thor  
  104  14:58  Thor  
  68  15:57  Thor x4  
  92  16:10  Terran Vehicle Weapons Level 2  
  80  16:41  Refinery  
  80  16:42  Thor  
  80  16:44  Refinery  
  74  17:40  Thor x3  
  80  18:12  Thor  
  86  18:35  Thor x2  
  98  19:22  Command Center  
  98  19:58  Thor x3  
  80  20:50  Armory  
Show
View Real Time Build Order
Export as new Build Order

AnalGezik Protoss - Winner!

Build Orders:  

Get SALT Encoding   

  12  0:04  Probe (Chrono Boost)  
  13  0:14  Probe (Chrono Boost)  
  14  0:24  Pylon  
  14  0:27  Probe (Chrono Boost)  
  15  0:42  Probe (Chrono Boost)  
  16  0:48  Forge  
  16  0:53  Probe (Chrono Boost)  
  17  0:59  Pylon  
  17  1:03  Probe (Chrono Boost)  
  18  1:09  Gateway  
  18  1:14  Probe (Chrono Boost)  
  18  1:17  Assimilator  
  19  1:22  Assimilator  
  19  1:24  Probe (Chrono Boost)  
  20  1:35  Probe (Chrono Boost)  
  20  1:38  Photon Cannon  
  21  1:45  Probe (Chrono Boost)  
  22  1:56  Zealot, Probe (Chrono Boost)  
  25  2:10  Photon Cannon  
  25  2:16  Probe (Chrono Boost)  
  26  2:26  Probe (Chrono Boost)  
  27  2:35  Nexus  
  27  2:37  Probe (Chrono Boost)  
  28  2:47  Cybernetics Core  
  28  2:48  Probe (Chrono Boost)  
  29  2:54  Pylon  
  29  2:59  Probe (Chrono Boost)  
  30  3:09  Probe (Chrono Boost)  
  32  3:20  Probe (Chrono Boost)  
  32  3:25  Stargate  
  32  3:26  Stargate  
  32  3:31  Photon Cannon  
  32  3:36  Probe (Chrono Boost)  
  32  3:38  Pylon  
  33  3:46  Probe (Chrono Boost)  
  34  3:54  Probe (Chrono Boost)  
  35  3:57  Pylon  
  35  4:01  Pylon  
  36  4:04  Probe (Chrono Boost)  
  37  5:05  Mothership Core  
  34  5:47  Probe  
  35  5:53  Probe  
  36  6:03  Probe  
  36  6:10  Pylon  
  37  6:18  Pylon  
  37  6:20  Pylon  
  37  6:33  Gateway  
  37  6:34  Forge  
  37  6:37  Pylon  
  37  6:38  Probe  
  38  6:48  Probe x2  
  38  6:50  Assimilator  
  40  6:55  Assimilator  
  40  6:59  Probe  
  39  7:09  Probe  
  39  7:20  Probe  
  40  7:28  Pylon  
  40  7:33  Pylon  
  40  7:37  Pylon  
  40  7:38  Pylon  
  40  7:43  Probe  
  40  7:44  Cybernetics Core  
  41  7:52  Probe  
  41  7:54  Probe  
  41  7:56  Protoss Shields Level 1 (Chrono Boost)  
  43  8:03  Pylon  
  43  8:06  Probe  
  44  8:17  Photon Cannon x2  
  44  8:21  Photon Cannon  
  44  8:24  Photon Cannon  
  44  8:31  Stargate, Protoss Air Weapons Level 1 (Chrono Boost)  
  44  8:32  Stargate, Probe  
  45  8:35  Stargate  
  45  8:44  Probe  
  45  8:45  Photon Cannon  
  45  8:48  Photon Cannon  
  46  8:53  Pylon  
  46  8:56  Probe  
  47  9:09  Pylon  
  47  9:14  Void Ray  
  47  9:15  Void Ray  
  55  9:18  Void Ray  
  59  9:26  Pylon  
  59  9:32  Photon Cannon  
  59  9:39  Photon Cannon  
  59  9:40  Photon Cannon  
  59  9:41  Photon Cannon  
  59  9:53  Twilight Council  
  59  9:57  Void Ray  
  59  9:58  Void Ray  
  67  10:01  Void Ray  
  71  10:15  Protoss Air Armor Level 1 (Chrono Boost)  
  71  10:40  Void Ray  
  75  10:43  Void Ray  
  50  12:05  Void Ray x3  
  62  12:15  Pylon  
  62  12:20  Pylon  
  62  12:22  Pylon  
  62  12:23  Pylon  
  62  12:28  Fleet Beacon  
  62  12:45  Forge  
  62  12:46  Gateway  
  62  12:50  Void Ray x3  
  74  13:00  Protoss Air Weapons Level 2 (Chrono Boost)  
  74  13:23  Photon Cannon x2  
  74  13:28  Photon Cannon  
  74  13:29  Photon Cannon  
  74  13:32  Carrier  
  74  13:33  Carrier  
  86  13:36  Protoss Shields Level 2 (Chrono Boost)  
  86  13:50  Graviton Catapult  
  86  13:56  Photon Cannon  
  86  14:13  Carrier  
  92  14:42  Pylon  
  72  15:06  Protoss Air Armor Level 2  
  64  15:17  Void Ray x2  
  72  15:39  Void Ray  
  76  15:50  Protoss Shields Level 3 (Chrono Boost)  
  76  17:10  Carrier x2  
  76  17:11  Void Ray  
  91  17:49  Robotics Facility  
  91  18:43  Observer  
  92  19:05  Observer  
Tags
 
Add a new tag
Caveats
  • Supply blocks, unpowered buildings, or Contaminate may cause inaccurate times.
  • Supply counts are checked every 10 seconds.